Map: Sequenz LE

Players

Dystopia - Winner!

  • Race: Protoss Protoss
  • League: Master
  • Spawn Location: 7:00

Mytyc

  • Race: Zerg Zerg
  • League: Master
  • Spawn Location: 1:00

VOD

Have the link to the VOD?

Description

Time

  • Played on: July 12, 2017, 2:04 p.m.
  • Length: 8:49
Show
View Real Time Build Order
Export as new Build Order

Dystopia Protoss - Winner!

Build Orders: 1 Gate Expand, Zealot Archon, Dark Templar Rush 

Get SALT Encoding   

  12  0:01  Probe (Chrono Boost)  
  13  0:12  Probe (Chrono Boost)  
  14  0:21  Pylon  
  14  0:24  Probe (Chrono Boost)  
  15  0:39  Probe (Chrono Boost)  
  15  0:41  Gateway  
  16  0:45  Assimilator  
  16  0:50  Probe (Chrono Boost)  
  17  1:00  Probe (Chrono Boost)  
  18  1:11  Probe (Chrono Boost)  
  19  1:25  Nexus  
  19  1:31  Probe (Chrono Boost)  
  20  1:37  Cybernetics Core  
  20  1:41  Probe (Chrono Boost)  
  21  1:49  Assimilator  
  21  1:52  Pylon  
  21  1:55  Probe (Chrono Boost)  
  22  2:06  Probe (Chrono Boost)  
  23  2:16  Adept (Chrono Boost), Probe  
  23  2:17  Warp Gate  
  26  2:29  Mothership Core  
  28  2:36  Probe  
  28  2:40  Zealot (Chrono Boost)  
  31  2:45  Pylon  
  31  2:48  Probe  
  31  2:50  Probe  
  33  3:02  Probe  
  33  3:03  Twilight Council  
  34  3:09  Probe  
  35  3:14  Probe  
  35  3:19  Robotics Facility  
  36  3:21  Probe  
  36  3:25  Pylon  
  36  3:26  Probe  
  38  3:31  Probe, Pylon  
  39  3:38  Probe  
  40  3:42  Probe  
  40  3:44  Dark Shrine  
  41  3:50  Probe  
  41  3:53  Probe  
  43  3:58  Gateway  
  43  4:03  Probe (Chrono Boost)  
  43  4:04  Probe (Chrono Boost)  
  43  4:05  Gateway  
  45  4:15  Gateway  
  45  4:16  Warp Prism (Chrono Boost)  
  47  4:19  Probe  
  47  4:20  Probe  
  49  4:25  Stalker  
  51  4:32  Probe  
  51  4:33  Assimilator, Probe  
  51  4:35  Assimilator  
  53  4:44  Probe x2  
  54  4:45  Pylon  
  55  4:59  Probe, Charge (Chrono Boost)  
  55  5:01  Probe  
  57  5:10  Pylon  
  57  5:19  Nexus  
  57  5:24  Dark Templar x4  
  57  5:25  Probe  
  57  5:27  Probe  
  67  5:36  Probe  
  67  5:37  Pylon  
  67  5:39  Probe  
  69  5:49  Pylon  
  69  6:00  Dark Templar x2  
  69  6:01  Dark Templar  
  74  6:05  Immortal  
  78  6:16  Archon  
  78  6:18  Archon  
  78  6:23  Nexus  
  78  6:24  Archon  
  78  6:25  Pylon  
  78  6:32  Pylon  
  78  6:34  Pylon  
  78  6:40  Pylon  
  78  6:41  Probe  
  78  6:43  Probe  
  78  6:44  Zealot x3  
  86  6:54  Gateway  
  86  6:56  Gateway  
  86  7:01  Gateway  
  86  7:03  Gateway  
  86  7:05  Gateway  
  86  7:08  Gateway  
  86  7:09  Dark Templar x2  
  86  7:12  Gateway  
  90  7:16  Archon  
  90  7:23  Pylon  
  90  7:25  Zealot  
  90  7:26  Zealot  
  90  7:28  Pylon  
  94  7:30  Pylon x2  
  94  7:38  Pylon  
  94  7:39  Probe x2  
  94  7:40  Probe  
  97  7:46  Pylon  
  97  7:50  Probe x2  
  97  7:56  Dark Templar x2  
  97  7:57  Zealot, Dark Templar  
  107  8:02  Archon  
  107  8:03  Archon, Probe x2  
  107  8:04  Probe  
  110  8:06  Forge  
  110  8:16  Observer  
  111  8:25  Zealot x7  
  125  8:33  Dark Templar x2  
Show
View Real Time Build Order
Export as new Build Order

Mytyc Zerg 

Build Orders: Hatch First 

Get SALT Encoding   

  12  0:01  Drone  
  13  0:14  Overlord  
  13  0:18  Drone  
  14  0:32  Drone x2  
  16  0:36  Drone  
  17  0:54  Hatchery  
  17  0:56  Drone  
  17  0:58  Drone  
  17  1:02  Extractor  
  17  1:15  Spawning Pool  
  17  1:17  Drone  
  17  1:20  Drone  
  18  1:31  Drone  
  19  1:42  Overlord  
  19  1:52  Drone  
  20  2:01  Queen  
  20  2:03  Zergling x2  
  20  2:04  Metabolic Boost  
  20  2:05  Queen  
  25  2:09  Drone  
  25  2:13  Drone  
  27  2:18  Evolution Chamber  
  27  2:20  Drone  
  27  2:23  Drone  
  27  2:28  Drone  
  29  2:45  Hatchery  
  29  2:49  Zerg Melee Weapons Level 1  
  28  2:52  Drone  
  28  2:56  Drone  
  30  2:59  Drone  
  31  3:05  Overlord  
  31  3:08  Drone x2  
  33  3:14  Overlord  
  33  3:16  Drone  
  34  3:20  Drone x2  
  34  3:26  Lair  
  36  3:28  Drone  
  36  3:32  Drone  
  36  3:33  Drone  
  39  3:40  Drone x3  
  42  3:44  Extractor  
  42  3:46  Drone, Extractor  
  42  3:47  Drone  
  42  3:49  Zergling x2  
  42  3:50  Zergling x2  
  44  3:56  Zergling x6  
  44  4:01  Queen  
  49  4:10  Zergling x8  
  49  4:15  Overlord  
  53  4:21  Extractor  
  52  4:36  Overlord  
  52  4:43  Drone x6, Infestation Pit  
  52  4:44  Drone x3  
  60  4:48  Zerg Ground Armor Level 1, Hydralisk Den  
  59  4:54  Overlord  
  59  4:59  Zergling x6  
  62  5:03  Overlord  
  62  5:05  Drone  
  63  5:10  Drone x3  
  66  5:17  Zergling x8  
  70  5:26  Overlord  
  70  5:27  Zergling x8  
  74  5:29  Drone  
  74  5:30  Drone  
  74  5:33  Overseer  
  76  5:41  Overlord  
  76  5:44  Spore Crawler  
  73  6:02  Overseer  
  72  6:05  Zergling x6  
  72  6:06  Zergling x4  
  72  6:07  Hive  
  72  6:10  Pneumatized Carapace  
  74  6:19  Overlord  
  74  6:21  Muscular Augments  
  74  6:24  Spire  
  73  6:43  Overlord  
  73  6:47  Hydralisk x5  
  83  6:59  Hatchery  
  82  7:02  Extractor  
  82  7:07  Extractor  
  80  7:11  Overlord  
  80  7:12  Drone x2  
  80  7:13  Drone x6  
  88  7:28  Drone x3  
  91  7:35  Drone  
  92  7:49  Corruptor x4  
  100  7:57  Drone x4  
  104  8:12  Overseer  
  104  8:17  Hatchery, Hydralisk x5  
  104  8:18  Hydralisk  
Tags
 
Add a new tag
Caveats
  • Supply blocks, unpowered buildings, or Contaminate may cause inaccurate times.
  • Supply counts are checked every 10 seconds.